 Dungeon Crawl Stone Soup version 0.17-a0-1691-g18a3847 (console) character file.

260 Monkaria the Sneak (level 5, -1/24 HPs)
             Began as a Felid Chaos Knight on Aug 20, 2015.
             Slain by an orc
             ... wielding a +0 whip
              (5 damage)
             ... on level 3 of the Dungeon.
             The game lasted 00:04:51 (4648 turns).

Monkaria the Sneak (Felid Chaos Knight)             Turns: 4648, Time: 00:04:52

Health: -1/24      AC:  2    Str:  9    XL:     5   Next: 95%
Magic:  6/6        EV: 21    Int: 14    God:    Xom [......]
Gold:   155        SH:  0    Dex: 15    Spells: 0 memorised, 4 levels left
                                        Lives:  0   Deaths: 1

rFire  . . .     SeeInvis +       - Unarmed
rCold  . . .     Clarity  .     (armour unavailable)
rNeg   . . .     SustAt   .     (shield unavailable)
rPois  .         Gourm    .     (helmet unavailable)
rElec  .         Spirit   .     (cloak unavailable)
rCorr  .         Warding  .     (gloves unavailable)
rMut   .         Stasis   .     (boots unavailable)
MR     .....                    (no amulet)
Stlth  ++++......               (no ring)
                                (no ring)

@: quick, not resistant to hostile enchantments, stealthy
A: no armour, no weapons or thrown items, claws 1, fangs 3, rugged brown scales
1, see invisible, carnivore 3, speed 1, shaggy fur 1, slow metabolism 1, sharp
paws
a: Renounce Religion


You were on level 3 of the Dungeon.
You worshipped Xom.
You were a very special plaything of Xom.
You were completely stuffed.

You visited 1 branch of the dungeon, and saw 3 of its levels.

You collected 155 gold pieces.

Inventory:

Scrolls
 b - 6 scrolls of identify {unknown}
 c - a scroll of enchant weapon {unknown}
 f - 2 scrolls of recharging {unknown}
 g - a scroll of remove curse {unknown}
 i - a scroll of teleportation {unknown}
 o - a scroll of fog {unknown}
 p - a scroll of magic mapping {unknown}
 q - a scroll of enchant armour {unknown}
 r - a scroll of amnesia {unknown}
Potions
 e - 2 potions of agility {unknown}
 h - 2 potions of heal wounds
 j - a potion of haste {unknown}
 k - a potion of might {unknown}
 l - a potion of brilliance {unknown}
 m - a potion of invisibility {unknown}
Comestibles
 a - 2 meat rations
 d - a beef jerky
 n - a slice of pizza


   Skills:
 - Level 3.0 Fighting
 - Level 6.0 Dodging
 + Level 7.1 Stealth
 - Level 3.0 Unarmed Combat


You had 4 spell levels left.
You didn't know any spells.

Dungeon Overview and Level Annotations

Branches:
Dungeon (3/15)

Altars:


Innate Abilities, Weirdness & Mutations

You cannot wear armour.
You are incapable of wielding weapons or throwing items.
You have sharp claws.
You have razor-sharp teeth.
You have supernaturally acute eyesight.
You are carnivorous and can eat meat at any time.
You cover ground quickly.
You are covered in fur (AC +1).
You have a slow metabolism.
Your sharp claws are effective at attacking unaware monsters.
You are partially covered in rugged brown scales (AC +1, +3% HP).


Message History

You swap places.
The orc barely misses you.
Things that are here:
a mace; a ring mail; an orc corpse Your crimson imp closely misses the orc wizard.
The orc barely misses you.
The orc wizard points at you and mumbles some strange words.
The magic dart hits your crimson imp. The orc wizard casts a spell at you.
The magic dart hits your crimson imp.
Your crimson imp hits the orc wizard.
The orc hits you with a whip.
The orc wizard hits your crimson imp with a dagger.
Your crimson imp blinks!
The orc closely misses you.
You closely miss the orc.
The orc wizard gestures at you while chanting.
The magic dart hits you!
* * * LOW HITPOINT WARNING * * *
Your iron imp barely misses the orc.
The orc hits you with a whip.
You die... "It was about time."

########### #.).....).#
#5#######.########
#5o......§.)......
#@#.###.#§##......
#.#.#.#§#.##......
#o#.#.#.#.##......
#.#.#...#.##......
#######.#.#.###.##......
#.......#......(##......
#.####..........##......
#.# #..5.......##......
#.# #..........##......


You could see an orc wizard, an orc, 2 friendly iron imps and a friendly crimson
imp.

Vanquished Creatures
  Sigmund (D:3)
  An orc wizard (D:3)
  5 adders
  4 worms
  2 orcs (D:3)
  7 bats
  5 giant cockroaches
  9 hobgoblins
  8 jackals
  5 giant geckos
  3 giant newts
  10 goblins
  12 kobolds
  7 rats
79 creatures vanquished.

Vanquished Creatures (collateral kills)
  An orc wizard (D:3)
1 creature vanquished.

Grand Total: 80 creatures vanquished

Notes
Turn   | Place    | Note
--------------------------------------------------------------
     0 | D:1      | Monkaria the Felid Chaos Knight began the quest for the Orb.
     0 | D:1      | Reached XP level 1. HP: 10/10 MP: 2/2
    57 | D:1      | XOM: potion effect (brilliance)
   139 | D:1      | Reached skill level 4 in Dodging
   152 | D:1      | Reached XP level 2. HP: 2/14 MP: 3/3
   942 | D:1      | XOM: silly message
   945 | D:1      | XOM: harmless Tloc miscast
   946 | D:1      | XOM: divination: detect items
  1098 | D:2      | Reached skill level 5 in Dodging
  1099 | D:2      | Reached XP level 3. HP: 13/17 MP: 4/4
  1282 | D:1      | XOM: silly message
  1662 | D:2      | XOM: butterfly on damage
  1777 | D:2      | Xom revived you
  1836 | D:1      | XOM: mild Ice miscast
  2006 | D:2      | XOM is BORED!
  2006 | D:2      | XOM: medium Hex miscast
  2068 | D:2      | XOM: butterfly on damage
  2443 | D:2      | Reached skill level 6 in Dodging
  2656 | D:3      | XOM: butterfly on damage
  2658 | D:3      | Reached XP level 4. HP: 9/21 MP: 5/5
  2964 | D:3      | XOM: butterfly on damage
  3095 | D:3      | XOM: divination: magic mapping
  3106 | D:3      | Reached skill level 1 in Stealth
  3142 | D:3      | XOM: colour smoke trail
  3178 | D:3      | HP: 1/21 [jackal (3)]
  3640 | D:3      | XOM is BORED!
  3640 | D:3      | XOM: noise
  3776 | D:3      | XOM: butterfly on damage
  3779 | D:3      | XOM: divination: detect creatures
  3781 | D:3      | XOM: butterfly on damage
  4064 | D:3      | Noticed Sigmund
  4104 | D:3      | XOM: give mutations
  4104 | D:3      | Gained mutation: You are dopey. (Int -2) [Xom's mischief]
  4104 | D:3      | Gained mutation: You are partially covered in rugged brown scales (AC +1, +3% HP). [Xom's mischief]
  4104 | D:3      | Lost mutation: You are dopey. (Int -2) [Xom's mischief]
  4204 | D:3      | XOM: summons friendly iron imp
  4205 | D:3      | XOM: fake destruction
  4216 | D:3      | HP: 1/21 [Sigmund/scythe (9)]
  4217 | D:3      | Mangled by Sigmund
  4218 | D:3      | Reached XP level 3. HP: -9/17 MP: 4/4
  4250 | D:3      | XOM: swap monsters
  4261 | D:3      | Killed Sigmund
  4261 | D:3      | Reached XP level 4. HP: 21/21 MP: 5/5
  4261 | D:3      | Reached XP level 5. HP: 24/24 MP: 6/6
  4592 | D:3      | XOM: fog
  4599 | D:3      | XOM: confuse monster(s)
  4601 | D:3      | XOM: summons friendly iron imp
  4614 | D:3      | XOM: summons 3 friendly demons
  4624 | D:3      | Reached skill level 7 in Stealth
  4648 | D:3      | Slain by an orc

Vault maps used:
D:1:      dpeg_arrival_boxes_within_box, grunt_decor_arrowhead,
          minmay_tree_intersection, st_stairs_7, minmay_misc_feat_doors
D:2:      solitary_fountain
D:3:      first_bread, uniq_sigmund

Action                   |  1- 3 |  4- 6 || total
-------------------------+-------+-------++-------
Melee: Unarmed           |   190 |   153 ||   343
  Use: Potion            |       |     1 ||     1
 Stab: Sleeping          |     5 |     4 ||     9
       Confused          |     1 |     1 ||     2
  Eat: Chunk             |    12 |     6 ||    18
